 Dungeon Crawl Stone Soup version 0.15-a0-1230-gf41e293 (webtiles) character file.

108 Quh the Charmwright (level 4, 0/30 HPs)
             Began as a High Elf Skald on June 3, 2014.
             Slain by a wight
             ... wielding a +0,+0 hand axe
              (7 damage)
             ... on Level 2 of the Dungeon.
             The game lasted 00:09:58 (2655 turns).

Quh the Charmwright (High Elf Skald)                Turns: 2655, Time: 00:09:58

HP   0/30        AC  3     Str 11      XL: 4   Next: 58%
MP   7/11        EV 11     Int 17      God:
Gold 47          SH  0     Dex 14      Spells:  3 memorised,  3 levels left

rFire  . . .     SeeInvis .     a - +0 short sword
rCold  . . .     Clarity  .     b - +0 leather armour
rNeg   . . .     rCorr    .     (no shield)
rPois  .         rRot     .     (no helmet)
rElec  .         Spirit   .     (no cloak)
SustAb .         Warding  .     (no gloves)
rMut   .         Stasis   .     (no boots)
Gourm  .                        (no amulet)
MR     .....                    (no ring)
                                (no ring)

@: infused, not resistant to hostile enchantments, very unstealthy
A: no striking features
a: no special abilities


You were on level 2 of the Dungeon.
You were hungry.

You visited 1 branch of the dungeon, and saw 3 of its levels.

You collected 47 gold pieces.

Inventory:

Hand weapons
 a - a +0,+0 short sword (weapon)
 f - a +4,+0 hand axe
 g - a +0,+0 short sword
 n - a +1,+0 vampiric dagger
Missiles
 h - 35 stones (quivered)
 k - 16 sling bullets
Armour
 b - a +0 leather armour (worn)
 p - a +0 ring mail
Comestibles
 d - a bread ration
Scrolls
 e - 2 scrolls of teleportation {unknown}
 i - 2 scrolls of amnesia {unknown}
 j - 3 scrolls of identify {unknown}
 l - a scroll of enchant weapon I {unknown}
 m - a scroll of random uselessness {unknown}
 r - a scroll of noise {unknown}
Potions
 o - a potion of lignification {unknown}
 q - a potion of resistance {unknown}
 s - a potion of haste {unknown}
Books
 c - a book of Battle

   Spells                             Type                      Level
   *Infusion                          Charms                       1
   *Shroud of Golubria                Charms/Translocation         2
   *Song of Slaying                   Charms                       2
   Spectral Weapon                    Hexes/Charms                 3
   Regeneration                       Charms/Necromancy            3


   Skills:
 + Level 2.5 Fighting
 * Level 3.5 Short Blades
 - Level 0.8 Armour
 + Level 2.5 Dodging
 * Level 2.8 Spellcasting
 * Level 4.5 Charms


You had 3 spell levels left.
You knew the following spells:

 Your Spells              Type           Power        Failure   Level  Hunger
a - Infusion              Chrm           ###...       2%          1    #......
b - Shroud of Golubria    Chrm/Tloc      ##........   14%         2    ##.....
c - Song of Slaying       Chrm           ###.....     4%          2    ##.....


Dungeon Overview and Level Annotations

Branches:
Dungeon (3/15)

Altars:

Annotations:
D:3 Grinder


Message History

The wight hits you from afar with a spear.
The wight hits you but does no damage.
You climb upwards.
There is a stone staircase leading down here.
You hit the wight.
The wight is almost destroyed.
The wight hits you with a hand axe.
* * * LOW HITPOINT WARNING * * *
You hit the wight but do no damage.
The wight is almost destroyed.
You closely miss the wight.
The wight is almost destroyed.
The wight misses you.
You closely miss the wight.
The wight is almost destroyed.
The wight barely misses you.
You barely miss the wight.
The wight is almost destroyed.
The wight hits you with a hand axe!
You die...

#........+.>.'.###.#
#.##..#..#...#......
#.##.##..##'##.###.#
#.##.##........###.#
##.......###.........
#.......#.......###..
#.##'##.#.......###.#
#.#...#..............
#.+.@.+.#........##..
#.#..z#..............
#.##'##.........###..
#...............# #..
##....##.######.# ##.
#..####........# #.
#>.####..##'##.# #.
#........#...#.# #.
##.......+.>.+.# #.


You could see a wight.

Vanquished Creatures
  Ijyb (D:3)
  4 adders (D:2)
  2 worms (D:2)
  2 giant cockroaches (D:2)
  6 hobgoblins
  2 jackals (D:1)
  6 kobolds
  A ball python (D:2)
  3 bats (D:1)
  4 giant newts
  6 goblins
  12 rats
49 creatures vanquished.

Notes
Turn   | Place    | Note
--------------------------------------------------------------
     0 | D:1      | Quh, the High Elf Skald, began the quest for the Orb.
     0 | D:1      | Reached XP level 1. HP: 14/14 MP: 4/4
   567 | D:1      | Reached XP level 2. HP: 17/19 MP: 1/6
   576 | D:1      | Learned a level 2 spell: Shroud of Golubria
   579 | D:1      | Learned a level 2 spell: Song of Slaying
  1462 | D:2      | Reached skill level 4 in Charms
  1468 | D:2      | Reached XP level 3. HP: 21/25 MP: 2/8
  1979 | D:2      | Reached XP level 4. HP: 19/30 MP: 1/11
  2523 | D:3      | Noticed Ijyb
  2568 | D:3      | Killed Ijyb
  2598 | D:3      | Noticed Grinder
  2655 | D:2      | Slain by a wight

Action                   |  1- 3 |  4- 6 || total
-------------------------+-------+-------++-------
Melee: Short sword       |   119 |    75 ||   194
Throw: Stone             |     2 |     5 ||     7
 Cast: Infusion          |    18 |     8 ||    26
       Shroud of Golubri |    10 |     8 ||    18
       Song of Slaying   |     3 |       ||     3
 Stab: Sleeping          |     1 |       ||     1
